 Seeded DCSS version 0.30.1-11-g7821555f0a (webtiles) character file.

Game seed: 5129858224507802926 (custom seed)

6796 Psyclone the Destroyer (level 10, -1/88 HPs)
             Began as a Purple Draconian Conjurer on Nov 17, 2023.
             Slain by a yak (11 damage)
             ... on level 9 of the Dungeon.
             The game lasted 00:15:13 (7465 turns).

Psyclone the Destroyer (Purple Draconian Conjurer)  Turns: 7465, Time: 00:15:14

Health: -1/88      AC:  9    Str:  7    XL:     10   Next: 76%
Magic:  0/23       EV: 12    Int: 30    God:
Gold:   372        SH:  0    Dex:  9    Spells: 16/27 levels left

rFire   + + .        a - +5 scimitar
rCold   . . .        (no shield)
rNeg    . . .        (body armour unavailable)
rPois   .            (helmet restricted)
rElec   .            y - +0 cloak
rCorr   .            (no gloves)
SInv    .            j - +0 pair of boots
Will    +....        (no amulet)
Stlth   ++           (no ring)
HPRegen 0.34/turn    (no ring)
MPRegen 0.18/turn

%: no passive effects
@: no status effects
A: breathe power, AC +7, unfitting armour, cold-blooded, horns 1, clever 2, fire
resistance 2, robust 1, wild magic 2
a: Breathe Dispelling Energy


You were on level 9 of the Dungeon.
You visited 1 branch of the dungeon, and saw 9 of its levels.

You collected 402 gold pieces.
You spent 30 gold pieces at shops.

Inventory:

Hand Weapons
 a - a +5 scimitar (weapon)
Armour
 j - a +0 pair of boots (worn)
 y - a +0 cloak (worn)
Jewellery
 s - a ring of ice
 z - an amulet of reflection
Wands
 c - a wand of iceblast (4)
 q - a wand of polymorph (14)
 v - a wand of light (11)
Scrolls
 b - 5 scrolls of fear {unknown}
 d - a scroll of vulnerability {unknown}
 g - 7 scrolls of identify {unknown}
 m - a scroll of poison {unknown}
 p - 2 scrolls of butterflies {unknown}
 r - a scroll of noise {unknown}
 u - a scroll of silence {unknown}
 w - a scroll of fog {unknown}
 x - a scroll of amnesia {unknown}
 A - a scroll of immolation {unknown}
Potions
 e - 2 potions of mutation
 f - a potion of magic
 h - a potion of haste {unknown}
 i - a potion of berserk rage {unknown}
 k - 3 potions of curing {unknown}
 l - a potion of flight {unknown}
 n - 2 potions of attraction {unknown}
 o - 3 potions of heal wounds {unknown}
 t - a potion of degeneration {unknown}


   Skills:
 + Level 4.7 Fighting
 + Level 4.4 Dodging
 - Level 1.7 Stealth
 + Level 9.3 Spellcasting
 - Level 12.0 Conjurations
 + Level 4.6 Hexes
 + Level 4.2 Translocations


You had 16 spell levels left.
You knew the following spells:

 Your Spells              Type           Power      Damage    Failure   Level
a - Magic Dart            Conj           100%       1d8       1%          1
b - Searing Ray           Conj           100%       2d8       1%          2
d - Fulminant Prism       Conj/Hex       40%        3d19      4%          4
e - Iskenderun's Mystic   Conj/Tloc      79%        2d16      4%          4

Your spell library contained the following spells:

 Spells                   Type           Power      Damage    Failure   Level
 Dazzling Flash           Conj/Hex       100%       N/A       2%          3
 Irradiate                Conj/Tmut      34%        3d23      19%         5
 Blade Hands              Tmut           11%        N/A       85%         5
 Dragon Form              Tmut           11%        N/A       100%        7


Dungeon Overview and Level Annotations

Branches:
Dungeon (9/15) Zot: 26868  Temple (0/1) D:4
   Lair: D:8-11         Orc: D:9-12

Altars:
Cheibriados
Elyvilon
Okawaru

Shops:
D:2 =   D:9 *

Annotations:
D:5 5 exclusions


Innate Abilities, Weirdness & Mutations

You can breathe bolts of dispelling energy.
Your rich purple scales are hard. (AC +7)
You cannot fit into any form of body armour.
You are cold-blooded and may be slowed by cold attacks.
You have a pair of small horns on your head.
Your mind is very acute. (Int +8, Str/Dex -2)
Your flesh is very heat resistant. (rF++)
You are robust. (+10% HP)
Your spells are harder to cast, but more powerful.


Message History

The yak misses you.
You barely miss the yak. The yak gores you!
You take 13 damage, and have 40/88 hp.
You slash the yak! You headbutt the yak.
The yak is moderately wounded.
The yak gores you.
You take 2 damage, and have 38/88 hp.
You hit the yak.
You tail-slap the yak, but do no damage.
The yak is moderately wounded.
The yak gores you. x2
You take 6 damage, and have 32/88 hp.
Casting: Searing Ray (safe; 1% risk of failure)
Confirm with . or Enter, or press ? or * to list all spells.
Aiming: Searing Ray (safe; 1% risk of failure)
Press: ? - help, Shift-Dir - straight line, f - yak
Aim: a yak (moderately wounded, 90% to hit)
The searing ray hits the yak.
The yak is heavily wounded. (Press . to maintain the ray.)
The yak gores you!
* * * LOW HITPOINT WARNING * * *
You take 14 damage, and have 18/88 hp.
You now have 1/23 mp.
The searing ray misses the yak.
The yak gores you.
* * * LOW HITPOINT WARNING * * *
You take 2 damage, and have 16/88 hp.
The searing ray hits the yak!
The yak is severely wounded.
The yak barely misses you.
You now have 0/23 mp.
You hit the yak. You headbutt the yak.
You tail-slap the yak, but do no damage.
The yak is almost dead.
The yak gores you!
* * * LOW HITPOINT WARNING * * *
You take 7 damage, and have 9/88 hp.
You hit the yak.
The yak is almost dead.
The yak gores you!
You die...

#######
######.....#######
###.................
..........>......... .
###..)......######..
#####).................
.....)#.............##
....###............##
##....#.........@######
................#Y....#
......∩.........#.....###
................#........
......#.........#.....#.#
......)#.......##†......#
................#).###...
.........#.......).#.....
.........##.<†).#.<.....#


You could see a yak.

Vanquished Creatures
  Pikel (D:6)
  Joseph (D:8)
  Maggie (D:6)
  A hornet (D:7)
  A troll (D:5)
  Grinder (D:6)
  Sigmund (D:6)
  7 yaks
  Eustachio (D:4)
  2 water moccasins
  2 orc warriors
  An ice beast (D:5)
  2 black bears (D:5)
  4 ogres
  2 sky beasts
  A centaur (D:5)
  A phantom (D:6)
  2 lemures (D:6)
  2 kobold brigands
  Blork the orc (D:6)
  2 bullfrogs
  6 scorpions
  2 gnoll sergeants
  5 wights (D:6)
  6 killer bees (D:8)
  7 orc priests
  3 hounds (D:5)
  A jelly (D:6)
  2 sleepcaps
  4 iguanas
  5 orc wizards
  10 gnolls
  8 adders
  A shadow imp (D:7)
  A white imp (D:6)
  2 ufetubi (D:5)
  2 dart slugs
  49 orcs
  2 bats (D:2)
  3 endoplasms
  3 goblins
  2 hobgoblins (D:2)
  A quokka (D:2)
  3 ball pythons
  11 kobolds
  A rat (D:1)
177 creatures vanquished.

Vanquished Creatures (others)
  Maurice (D:8)
  A fulminant prism (D:5)
2 creatures vanquished.

Grand Total: 179 creatures vanquished

Notes
Turn   | Place    | Note
-------+----------+-------------------------------------------
     0 | D:1      | Psyclone the Draconian Conjurer began the quest for the
                  | Orb.
     0 | D:1      | Reached XP level 1. HP: 14/14 MP: 3/3
   100 | D:2      | Gained mutation: Your flesh is heat resistant. (rF+)
                  | [potion of mutation]
   100 | D:2      | Gained mutation: You are robust. (+10% HP) [potion of
                  | mutation]
   100 | D:2      | Gained mutation: You have a beak for a mouth. [potion of
                  | mutation]
   100 | D:2      | Gained mutation: You passively dampen the noise of your
                  | surroundings. [potion of mutation]
   151 | D:2      | Found Zutuxkoi's Jewellery Shop.
   227 | D:2      | Lost mutation: You passively dampen the noise of your
                  | surroundings. [potion of mutation]
   227 | D:2      | Lost mutation: You have a beak for a mouth. [potion of
                  | mutation]
   227 | D:2      | Gained mutation: You have a pair of small antennae on your
                  | head. [potion of mutation]
   227 | D:2      | Gained mutation: Your spells are a little harder to cast,
                  | but a little more powerful. [potion of mutation]
   227 | D:2      | Gained mutation: Your flesh is very heat resistant. (rF++)
                  | [potion of mutation]
   227 | D:2      | Gained mutation: You are strong-willed. (Will+) [potion of
                  | mutation]
   289 | D:2      | Reached XP level 2. HP: 22/22 MP: 1/5
   391 | D:2      | Learned a level 2 spell: Searing Ray
   460 | D:3      | Reached XP level 3. HP: 19/28 MP: 1/6
   461 | D:3      | Reached skill level 5 in Conjurations
   461 | D:3      | Reached XP level 4. HP: 24/36 MP: 0/8
   541 | D:3      | Lost mutation: You are strong-willed. (Will+) [potion of
                  | mutation]
   541 | D:3      | Lost mutation: You have a pair of small antennae on your
                  | head. [potion of mutation]
   541 | D:3      | Gained mutation: You have a pair of small horns on your
                  | head. [potion of mutation]
   541 | D:3      | Gained mutation: You have hidden genetic potential. [potion
                  | of mutation]
   654 | D:4      | Found a staircase to the Ecumenical Temple.
   731 | D:4      | Found a white marble altar of Elyvilon.
   747 | D:4      | Reached XP level 5. HP: 31/41 MP: 0/9
   763 | D:4      | Gained mutation: You have great hidden genetic potential.
                  | [hidden potential]
   872 | D:4      | Noticed Eustachio
   893 | D:4      | Killed Eustachio
   894 | D:4      | Reached skill level 6 in Conjurations
   894 | D:4      | Reached XP level 6. HP: 34/49 MP: 5/11
   899 | D:4      | Gained mutation: Your mind is acute. (Int +4, Str/Dex -1)
                  | [hidden potential]
   899 | D:4      | Lost mutation: You have great hidden genetic potential.
                  | [hidden potential expressed]
   998 | D:5      | Entered Level 5 of the Dungeon
  1075 | D:5      | Found the +9 staff of Olgreb {rPois∞}
  1080 | D:5      | Noticed a water moccasin
  1082 | D:5      | Reached skill level 7 in Conjurations
  1086 | D:5      | Killed a water moccasin
  1087 | D:5      | Your scales start taking on a rich purple colour.
  1087 | D:5      | Reached skill level 5 in Spellcasting
  1087 | D:5      | Reached XP level 7. HP: 30/55 MP: 3/14
  1220 | D:5      | Gained mutation: Your mind is very acute. (Int +8, Str/Dex
                  | -2) [hidden potential]
  1341 | D:5      | Reached skill level 8 in Conjurations
  1435 | D:5      | Found a snail-covered altar of Cheibriados.
  1636 | D:5      | Reached XP level 8. HP: 17/62 MP: 6/17
  1814 | D:5      | Reached skill level 9 in Conjurations
  1822 | D:5      | Gained mutation: Your spells are harder to cast, but more
                  | powerful. [hidden potential]
  1822 | D:5      | Lost mutation: You have hidden genetic potential. [hidden
                  | potential expressed]
  1937 | D:5      | Learned a level 4 spell: Fulminant Prism
  1942 | D:5      | Learned a level 4 spell: Iskenderun's Mystic Blast
  1969 | D:5      | Noticed a troll
  1986 | D:5      | Killed a troll
  2234 | D:5      | Reached skill level 10 in Conjurations
  3287 | D:6      | Noticed Sigmund
  3292 | D:6      | Killed Sigmund
  3397 | D:6      | Reached XP level 9. HP: 68/68 MP: 16/20
  3487 | D:6      | Noticed Grinder
  3490 | D:6      | Noticed Blork the orc
  3493 | D:6      | Killed Grinder
  3498 | D:6      | Killed Blork the orc
  3514 | D:6      | Reached skill level 1 in Fighting
  3514 | D:6      | Reached skill level 1 in Hexes
  3514 | D:6      | Reached skill level 1 in Translocations
  4055 | D:6      | Noticed Maggie
  4067 | D:6      | Killed Maggie
  4178 | D:6      | Noticed Pikel
  4274 | D:6      | Killed Pikel
  4275 | D:6      | Reached skill level 11 in Conjurations
  4705 | D:6      | Reached XP level 10. HP: 72/83 MP: 14/22
  5874 | D:8      | Identified the +9 quarterstaff of Dissolution {heavy, rF+}
  5968 | D:8      | Found an iron altar of Okawaru.
  6043 | D:8      | Noticed Maurice
  6058 | D:8      | Killed Maurice
  6433 | D:8      | Noticed Joseph
  6446 | D:8      | Killed Joseph
  7344 | D:9      | Found Baviwkeesa's Assorted Antiques.
  7360 | D:9      | Bought a scroll labelled UGAJUPNAEDI for 30 gold pieces
  7385 | D:9      | Reached skill level 12 in Conjurations
  7465 | D:9      | Slain by a yak

Illustrated notes

Levels and vault maps discovered:
D:1:      saegor_arrival_simple_c, layout_rooms, serial_shops, shop,
          kennysheep_nondescript, minmay_misc_feat_ornament
D:2:      layout_basic, serial_shops, nicolae_shop_tiny_statue_garden,
          nicolae_shop_scrapyard, shop, shop
D:3:      layout_loops_ring
D:4:      layout_rooms, elyvilon_altar_1, minmay_temple_entry_trees,
          uniq_eustachio
D:5:      minmay_chambers_of_threes, layout_loops_ring,
          mainiacjoe_overflow_small_starburst,
          minmay_guarded_unrand_staff_of_olgreb
D:6:      layout_loops_cross, uniq_maggie, uniq_sigmund, uniq_blork_the_orc,
          uniq_grinder, uniq_pikel
D:7:      layout_basic
D:8:      layout_basic, lemuel_crystal_altar, serial_rivers,
          chequers_serial_rivers_small_b, chequers_serial_rivers_room_a,
          chequers_serial_rivers_micro_a, chequers_serial_rivers_micro_d,
          chequers_serial_rivers_micro_d, special_room [special_room_orc],
          minivault_19, minmay_misc_feat_nine_boxes, uniq_joseph, uniq_maurice
D:9:      due_chaos_kobolds, layout_rooms, minitemple, zombieorc2_lemuel,
          serial_shops, shop, enter_bailey_6

Skill      XL: |  1  2  3  4  5  6  7  8  9 10 |
---------------+-------------------------------+-----
Conjurations   | 5 6 7 8 10 11 12 | 12.0
Spellcasting   | 3 5 6 7 8 9 |  9.3
Dodging        | 3 4 |  4.4
Fighting       | 3 4 |  4.7
Hexes          | 3 4 |  4.6
Translocations | 2 4 |  4.2
Stealth        | |  1.7

Action                     |  1- 3 |  4- 6 |  7- 9 | 10-12 || total
---------------------------+-------+-------+-------+-------++-------
  Melee: Flail             |       |     6 |     4 |       ||    10
         Headbutt          |       |     2 |     2 |     8 ||    12
         Scimitar          |       |       |       |    28 ||    28
         Tailslap          |       |       |       |     4 ||     4
   Cast: Magic Dart        |    17 |     9 |    42 |    17 ||    85
         Searing Ray       |     1 |    11 |    57 |    51 ||   120
         Fulminant Prism   |       |       |     1 |       ||     1
    Use: Potion            |     2 |     2 |       |       ||     4
 Armour: Skin              |     2 |     2 |    11 |    32 ||    47
  Dodge: Dodged            |     2 |    13 |    44 |    41 ||   100
